 Dungeon Crawl Stone Soup version 0.24-a0-373-g39439d866b (webtiles) character file.

Game seed: 2063487867024149421

27986 mopl the Tainter (level 13, -9/94 HPs)
             Began as a Naga Venom Mage on May 30, 2019.
             Was a High Priest of Yredelemnul.
             Mangled by a two-headed ogre
             ... wielding a +0 giant club
              (14 damage)
             ... on level 2 of the Orcish Mines.
             The game lasted 00:57:33 (13268 turns).

mopl the Tainter (Naga Venom Mage)                 Turns: 13268, Time: 00:57:35

Health: -9/94      AC: 14    Str: 11    XL:     13   Next: 35%
Magic:  0/27       EV: 14    Int: 24    God:    Yredelemnul [*****.]
Gold:   977        SH:  0    Dex: 12    Spells: 20/32 levels left

rFire    + . .     SeeInvis +   a - +2 spear (venom)
rCold    + . .     Gourm    .   (no shield)
rNeg     . . .     Faith    +   T - +4 ring mail {rC+}
rPois    +         Spirit   +   U - +2 hat {Int+3}
rElec    .         Reflect  .   v - scarf {Spirit}
rCorr    +         Harm     .   M - +1 pair of gloves of Spring Thaw {rPois rF+ rCorr Int-2}
MR       +....                  (no barding)
Stlth    +.........             O - amulet of faith {!P}
HPRegen  0.25/turn              b - +6 ring of evasion {=R}
MPRegen  0.20/turn              i - +3 ring of intelligence

@: about to teleport, very slow
A: large, see invisible, deformed body, poison resistance, slowness 2, slow
metabolism 1, spit poison 1, constrict 1, AC +4
a: Spit Poison, Recall Undead Slaves, Injury Mirror, Animate Dead, Drain Life,
Enslave Soul, Renounce Religion


You were on level 2 of the Orcish Mines.
You worshipped Yredelemnul.
Yredelemnul was extremely pleased with you.
You were very hungry.

You visited 4 branches of the dungeon, and saw 16 of its levels.
You also visited: Sewer.

You collected 977 gold pieces.

Inventory:

Hand Weapons
 a - a +2 spear of venom (weapon)
 G - a +1 short sword of draining
 W - a +3 scimitar of flaming
Missiles
 y - 16 poisoned darts (quivered)
 N - 2 throwing nets
 Q - 4 boomerangs
Armour
 v - a scarf of spirit shield (worn)
 M - the +1 pair of gloves of Spring Thaw (worn) {rPois rF+ rCorr Int-2}
   (You found it on level 8 of the Dungeon)

   It affects your intelligence (-2).
   It protects you from fire.
   It protects you from poison.
   It provides partial protection from all sources of acid and corrosion.
 T - a +4 ring mail of cold resistance (worn)
 U - a +2 hat of intelligence (worn)
Jewellery
 b - a +6 ring of evasion (left hand) {=R}
 d - an uncursed ring of fire
 i - a +3 ring of intelligence (right hand)
 E - an uncursed ring of protection from magic
 O - an amulet of faith (around neck) {!P}
Wands
 t - a wand of acid (3)
 C - a wand of polymorph (9)
 I - a wand of paralysis (7)
 K - a wand of disintegration (4)
 P - a wand of flame (63)
 Z - a wand of enslavement (8)
Scrolls
 e - 5 scrolls of magic mapping
 g - a scroll of noise {unknown}
 j - 3 scrolls of fear
 k - 5 scrolls of remove curse
 l - 5 scrolls of fog
 m - a scroll of holy word {unknown}
 o - 3 scrolls of teleportation
 q - a scroll of random uselessness {unknown}
 w - 2 scrolls of immolation {unknown}
 A - a scroll of summoning {unknown}
 B - a scroll of enchant armour {unknown}
 D - 2 scrolls of blinking {unknown}
 H - 2 scrolls of amnesia {unknown}
 J - a scroll of silence {!r}
 V - a scroll of identify
Potions
 n - a potion of resistance
 p - 12 potions of heal wounds {unknown}
 r - 2 potions of haste
 s - 4 potions of flight
 u - 7 potions of curing
 x - 4 potions of brilliance
 z - 2 potions of agility
 F - 2 potions of magic
 L - 2 potions of cancellation
 R - a potion of lignification {!q}
 S - 2 potions of ambrosia
Miscellaneous
 h - a lamp of fire (inert)
Comestibles
 c - 33 rations
 f - 2 chunks of flesh


   Skills:
 + Level 9.6 Polearms
 - Level 1.5 Dodging
 - Level 3.0 Stealth
 + Level 10.3 Spellcasting
 - Level 7.0 Conjurations
 - Level 3.0 Translocations
 - Level 2.0 Air Magic
 + Level 14.2 Poison Magic
 + Level 11.2 Invocations


You had 20 spell levels left.
You knew the following spells:

 Your Spells              Type           Power        Failure   Level  Hunger
a - Sting                 Conj/Pois      ####         1%          1    None
b - Poisonous Vapours     Pois/Air       ######       1%          2    None
c - Mephitic Cloud        Conj/Pois/Air  #####...     1%          3    None
d - Olgreb's Toxic Radia  Pois           ######..     1%          4    #......
e - Blink                 Tloc           N/A          5%          2    None

Your spell library contained the following spells:

 Spells                   Type           Power        Failure   Level  Hunger
 Magic Dart               Conj           ####         1%          1    None
 Shock                    Conj/Air       ####         1%          1    None
 Venom Bolt               Conj/Pois      ######....   4%          5    ####...
 Static Discharge         Conj/Air       ####....     6%          3    None
 Conjure Flame            Conj/Fire      ####....     9%          3    None
 Summon Butterflies       Summ           ##......     12%         1    None
 Swiftness                Chrm/Air       ###.....     12%         2    None
 Call Imp                 Summ           ##......     19%         2    None
 Slow                     Hex            ##......     19%         2    None
 Call Canine Familiar     Summ           ##......     36%         3    None
 Airstrike                Air            ###.......   47%         4    #......
 Lightning Bolt           Conj/Air       ####......   47%         5    ####...
 Iskenderun's Battlesphe  Conj/Chrm      ####....     63%         5    ####...
 Leda's Liquefaction      Hex/Erth       ##........   77%         4    #......
 Summon Ice Beast         Ice/Summ       ##......     77%         4    #......
 Bolt of Magma            Conj/Fire/Erth ###.......   80%         5    ####...
 Summon Mana Viper        Hex/Summ       ##......     98%         5    ####...
 Iron Shot                Conj/Erth      ####......   99%         6    ######.
 Orb of Destruction       Conj           #####.....   99%         7    #######
 Statue Form              Tmut/Erth      ##.......    100%        6    ######.
 Spellforged Servitor     Conj/Summ      ####......   100%        7    #######
 Summon Hydra             Summ           ##........   100%        7    #######
 Shatter                  Erth           ##........   100%        9    #######


Dungeon Overview and Level Annotations

Branches:
Dungeon (12/15)            Temple (1/1) D:4            Lair (1/6) D:9
    Orc (2/2) D:12
    Elf: Orc:2

Altars:
Ashenzari
Cheibriados
Dithmenos
Elyvilon
Fedhas
Gozag
Hepliaklqana
Kikubaaqudgha
Makhleb
Nemelex Xobeh
Okawaru
Qazlal
Ru
Sif Muna
Trog
Uskayaw
Vehumet
Wu Jian
Xom
Yredelemnul
Zin
The Shining One
Beogh
Lugonu

Shops:
D:11 %

Annotations:
D:8 3 runed translucent doors, Hylith's ghost, novice TrFi
D:10 2 runed translucent doors, Azzok's ghost, journeyman GnTm


Innate Abilities, Weirdness & Mutations

You cannot wear boots.
Your serpentine skin is tough. (AC +4)
You have supernaturally acute eyesight. (SInv)
Armour fits poorly on your strangely shaped body.
Your system is resistant to poisons. (rPois)
You cover ground very slowly.
You have a slow metabolism.
You can spit poison.
You can use your snake-like lower body to constrict enemies.


Message History

The two-headed ogre hits you with a +0 giant club!
Unknown command.
Unknown command.
The spectral ogre mage points at the deep troll and mumbles some strange words.
The deep troll seems to speed up.
The deep troll barely misses you. The deep troll closely misses you.
The deep troll claws you but does no damage.
The deep troll closely misses you. The deep troll claws you.
The deep troll barely misses you.
The two-headed ogre hits you with a +0 giant club!!
* * * LOW HITPOINT WARNING * * *
The two-headed ogre hits you with a +0 giant club.
* * * LOW HITPOINT WARNING * * *
You have got your breath back.
The spectral ogre mage closely misses you.
The two-headed ogre hits you with a +0 giant club!
* * * LOW HITPOINT WARNING * * *
The two-headed ogre hits you with a +0 giant club!
You die...
Your body rises from the dead as a mindless zombie.

#########
##@ZT#...####
.#..OO........#
.......T.........
.......#..........
........).........
.......[.[........
#........o<).#...
##.......))..)....
.....)))[).....


You could see an orc knight, 2 two-headed ogres, a deep troll, a spectral ogre
mage and a troll.

Vanquished Creatures
  Frances (D:12)
  Erica (D:10)
  6 two-headed ogres
  Urug (D:10)
  A deep troll (Orc:2)
  An unseen horror (D:11)
  3 ugly things (D:11)
  A cyclops (D:11)
  2 deep elf magi (D:10)
  A manticore (D:12)
  Psyche (D:9)
  A komodo dragon (D:12)
  5 trolls
  Prince Ribbit (D:5)
  2 hippogriffs (D:11)
  A spriggan (D:7)
  11 yaks
  Menkaure (D:5)
  6 soldier ants (D:8)
  Duvessa (D:5)
  8 orc warriors
  3 sky beasts
  4 black bears
  5 ice beasts
  A phantom (D:8)
  4 wolves (Lair:1)
  A tengu (D:6)
  6 centaurs
  16 ogres
  A crocodile (Lair:1)
  7 bullfrogs
  4 big kobolds
  2 gnoll sergeants (D:12)
  Dowan (D:5)
  4 scorpions
  3 killer bees (D:11)
  2 wights
  An electric eel (D:7)
  2 jellies
  5 howler monkeys
  3 crimson imps (D:10)
  A bullfrog zombie (D:5)
  5 hounds
  3 orc priests
  2 centaur skeletons
  3 bullfrog skeletons
  An iron imp (D:10)
  2 iguanas (D:5)
  28 worker ants
  7 orc wizards
  A killer bee zombie (D:8)
  11 gnolls
  22 adders
  3 river rats (Sewer)
  2 shadow imps (D:8)
  2 white imps
  4 oozes
  An adder zombie (D:6)
  2 adder skeletons
  4 worms
  A dart slug (D:2)
  4 leopard geckos
  43 orcs
  9 giant cockroaches
  2 gnoll zombies (D:4)
  10 goblins
  13 hobgoblins
  4 jackals
  3 quokkas
  14 ball pythons
  6 bats
  8 frilled lizards
  A jackal zombie (D:5)
  15 kobolds
  30 rats
  A plant (Lair:1)
399 creatures vanquished.

Vanquished Creatures (collateral kills)
  Fannar (D:12)
  Harold (D:9)
  A centaur warrior (D:11)
  A two-headed ogre (D:9)
  A queen ant (D:8)
  Nergalle (Orc:1)
  An ugly thing (D:11)
  Maurice (D:12)
  2 trolls
  2 hippogriffs (D:12)
  A yak (D:11)
  A hungry ghost (D:9)
  A swamp drake (D:10)
  2 sky beasts
  A phantom (D:9)
  An ice beast (D:9)
  An ogre (D:12)
  A big kobold (D:12)
  A bullfrog (D:11)
  A wyvern skeleton (D:10)
  A hornet simulacrum (D:11)
  A water moccasin skeleton (D:9)
  3 wights (D:12)
  2 centaur zombies
  3 crimson imps
  2 centaur skeletons
  A bullfrog zombie (D:6)
  An orc wizard (D:9)
  4 worker ants (D:8)
  A worker ant zombie (D:8)
  A shadow imp (D:10)
43 creatures vanquished.

Vanquished Creatures (others)
  A spectral orc (Orc:2)
  2 human zombies (D:12)
  A vampire (D:12)
  2 orc skeletons
  A komodo dragon skeleton (D:12)
  A wight (Lair:1)
  A yak skeleton (D:9)
  A bullfrog zombie (D:12)
  2 centaur skeletons
  A black bear skeleton (D:12)
  2 orc wizards (D:10)
  3 big kobold zombies (D:12)
  A sky beast zombie (D:8)
  A hound zombie (D:12)
  A mummy (D:11)
  2 howler monkey zombies
  A worker ant zombie (D:8)
  A howler monkey skeleton (D:11)
  9 orc zombies
  4 gnoll zombies (D:12)
  A gnoll skeleton (D:12)
  A fungus (Lair:1)
  2 plants (Lair:1)
42 creatures vanquished.

Grand Total: 484 creatures vanquished

Notes
Turn   | Place    | Note
-------+----------+-------------------------------------------
     0 | D:1      | mopl the Naga Venom Mage began the quest for the Orb.
     0 | D:1      | Reached XP level 1. HP: 15/15 MP: 3/3
   102 | D:1      | Reached XP level 2. HP: 22/22 MP: 3/5
   106 | D:1      | Learned a level 2 spell: Poisonous Vapours
   448 | D:1      | Reached XP level 3. HP: 28/28 MP: 3/6
   453 | D:1      | Learned a level 3 spell: Mephitic Cloud
   944 | D:1      | Reached skill level 2 in Conjurations
   944 | D:1      | Reached skill level 1 in Air Magic
  1078 | D:2      | Reached XP level 4. HP: 33/36 MP: 2/7
  1286 | D:2      | Reached skill level 5 in Poison Magic
  1665 | D:2      | Reached XP level 5. HP: 17/42 MP: 4/9
  1849 | D:3      | Reached skill level 3 in Spellcasting
  1899 | D:3      | Learned a level 4 spell: Olgreb's Toxic Radiance
  2143 | D:3      | Reached skill level 2 in Air Magic
  2318 | D:3      | Noticed an ice beast
  2336 | D:4      | Found a basalt altar of Yredelemnul.
  2391 | D:4      | Found a hazy altar of Hepliaklqana.
  2391 | D:4      | Found a burning altar of Makhleb.
  2401 | D:4      | Reached skill level 3 in Conjurations
  2432 | D:4      | Reached XP level 6. HP: 19/49 MP: 9/11
  2655 | D:4      | Found a staircase to the Ecumenical Temple.
  2665 | Temple   | Entered the Ecumenical Temple
  2740 | D:4      | Reached skill level 6 in Poison Magic
  3117 | D:4      | Found a deep blue altar of Sif Muna.
  3192 | D:4      | Found a basalt altar of Yredelemnul.
  3206 | D:4      | Became a worshipper of Yredelemnul the Dark
  3541 | D:5      | Entered Level 5 of the Dungeon
  3541 | D:5      | Noticed Prince Ribbit
  3541 | D:5      | Noticed Dowan
  3542 | D:5      | Noticed Duvessa
  3543 | D:5      | Reached XP level 7. HP: 55/55 MP: 7/12
  3545 | D:5      | Reached skill level 4 in Spellcasting
  3545 | D:5      | Reached skill level 4 in Conjurations
  3545 | D:5      | Reached skill level 1 in Invocations
  3547 | D:5      | Killed Prince Ribbit
  3547 | D:5      | Reached skill level 7 in Poison Magic
  3547 | D:5      | Reached skill level 2 in Invocations
  3547 | D:5      | Reached XP level 8. HP: 38/62 MP: 3/14
  3548 | D:5      | Killed Duvessa
  3548 | D:5      | Reached skill level 3 in Invocations
  3552 | D:5      | Killed Dowan
  3683 | D:5      | Noticed Menkaure
  3694 | D:5      | Killed Menkaure
  3694 | D:5      | Reached skill level 5 in Spellcasting
  3694 | D:5      | Reached skill level 5 in Conjurations
  3714 | D:5      | Found a glowing drain.
  3765 | Sewer    | Entered a sewer
  3788 | Sewer    | Reached * piety under Yredelemnul
  3987 | Sewer    | Reached ** piety under Yredelemnul
  3990 | Sewer    | Reached skill level 8 in Poison Magic
  3994 | Sewer    | Reached skill level 4 in Invocations
  4591 | D:5      | Found a glowing silver altar of Zin.
  4592 | D:5      | Found an opulent altar of Gozag.
  4823 | D:6      | Reached skill level 1 in Polearms
  4823 | D:6      | Reached XP level 9. HP: 68/68 MP: 9/17
  4903 | D:6      | Found an iron altar of Okawaru.
  4906 | D:6      | Found a hide-covered altar of Uskayaw.
  4956 | D:6      | Found a sparkling altar of Nemelex Xobeh.
  4956 | D:6      | Found a shimmering altar of Xom.
  4959 | D:6      | Found a white marble altar of Elyvilon.
  4962 | D:6      | Found a snail-covered altar of Cheibriados.
  5054 | D:6      | Reached skill level 6 in Conjurations
  5078 | D:6      | Got a shimmering robe
  5089 | D:6      | Identified the cursed +0 robe of Wuent {Dex+3} (You found
                  | it on level 6 of the Dungeon)
  5391 | D:7      | Reached skill level 2 in Polearms
  5506 | D:7      | Reached skill level 9 in Poison Magic
  5506 | D:7      | Reached skill level 5 in Invocations
  5783 | D:7      | Reached skill level 6 in Spellcasting
  6186 | D:8      | Found a runed translucent gate.
  6186 | D:8      | Found a runed translucent gate.
  6186 | D:8      | Found a runed translucent gate.
  6246 | D:8      | Reached skill level 3 in Polearms
  6294 | D:8      | Noticed Hylith's ghost (novice TrFi)
  6631 | D:8      | Found a radiant altar of Vehumet.
  6691 | D:8      | Got a pair of crude gloves
  6697 | D:8      | Identified the +1 pair of gloves of Spring Thaw {rPois rF+
                  | rCorr Int-2} (You found it on level 8 of the Dungeon)
  6943 | D:8      | Found an ancient bone altar of Kikubaaqudgha.
  7024 | D:8      | Found a sacrificial altar of Ru.
  7115 | D:8      | Reached XP level 10. HP: 71/75 MP: 14/19
  7119 | D:8      | Reached *** piety under Yredelemnul
  7119 | D:8      | Reached skill level 6 in Invocations
  7120 | D:8      | Reached skill level 7 in Conjurations
  7121 | D:8      | Noticed a queen ant
  7127 | D:8      | Reached skill level 4 in Polearms
  7127 | D:8      | Reached skill level 10 in Poison Magic
  7133 | D:8      | Killed a queen ant
  7133 | D:8      | Reached skill level 7 in Spellcasting
  7471 | D:9      | Reached skill level 7 in Invocations
  7472 | D:9      | Reached skill level 5 in Polearms
  7500 | D:9      | HP: 3/75 [ice beast (11)]
  7933 | D:9      | Received a gift from Yredelemnul (a wight)
  8000 | D:9      | Reached skill level 11 in Poison Magic
  8063 | D:9      | Found a staircase to the Lair.
  8075 | D:9      | Noticed Psyche
  8080 | D:9      | Killed Psyche
  8119 | D:9      | Reached XP level 11. HP: 74/81 MP: 19/22
  8125 | D:9      | Noticed a two-headed ogre
  8136 | D:9      | Killed a two-headed ogre
  8136 | D:9      | Reached skill level 6 in Polearms
  8436 | D:9      | Noticed Harold
  8450 | D:9      | Killed Harold
  8450 | D:9      | Reached skill level 8 in Invocations
  8735 | D:10     | Entered Level 10 of the Dungeon
  8746 | D:10     | Found a large runed translucent door.
  8764 | D:10     | Found a large runed translucent door.
  8799 | D:10     | Reached **** piety under Yredelemnul
  8799 | D:10     | Reached skill level 8 in Spellcasting
  8946 | D:10     | Noticed Erica
  8968 | D:10     | Killed Erica
  9326 | D:10     | Noticed Azzok's ghost (journeyman GnTm)
  9527 | D:10     | Received a gift from Yredelemnul (a wight)
  9605 | D:10     | Noticed Urug
  9627 | D:10     | Killed Urug
  9730 | D:10     | Noticed a deep elf mage
  9740 | D:10     | Killed a deep elf mage
  9740 | D:10     | Reached skill level 12 in Poison Magic
  9751 | D:10     | Noticed a deep elf mage
  9764 | D:10     | Killed a deep elf mage
  9764 | D:10     | Reached skill level 7 in Polearms
  9780 | D:10     | Learned a level 2 spell: Blink
  9894 | D:10     | Your ally Urug died
 10109 | D:11     | Found Tagistaphi's Food Shoppe.
 10109 | D:11     | Noticed a brown ugly thing
 10129 | D:11     | Killed a brown ugly thing
 10272 | D:11     | Reached skill level 9 in Invocations
 10277 | D:11     | Reached skill level 1 in Translocations
 10278 | D:11     | Received a gift from Yredelemnul (a mummy)
 10321 | D:11     | Noticed a cyan ugly thing
 10339 | D:11     | Killed a cyan ugly thing
 10350 | D:11     | Noticed a centaur warrior
 10715 | D:11     | Noticed a purple ugly thing
 10731 | D:11     | Killed a purple ugly thing
 10731 | D:11     | Reached skill level 2 in Translocations
 10731 | D:11     | Reached XP level 12. HP: 88/88 MP: 15/24
 10744 | D:11     | Received a gift from Yredelemnul (a mummy)
 10747 | D:11     | Killed a centaur warrior
 10747 | D:11     | Reached skill level 9 in Spellcasting
 10866 | D:11     | Got a scintillating glass ring
 10869 | D:11     | Identified the ring "Hiyhutz" {rPois Int+2 Dex-5 SInv
                  | Stlth+} (You found it on level 11 of the Dungeon)
 10984 | D:11     | Reached skill level 3 in Translocations
 11269 | Lair:1   | Entered Level 1 of the Lair of Beasts
 11335 | Lair:1   | Received a gift from Yredelemnul (a wight)
 11834 | D:12     | Noticed a two-headed ogre
 11847 | D:12     | Killed a two-headed ogre
 11847 | D:12     | Reached skill level 8 in Polearms
 11876 | D:12     | Reached ***** piety under Yredelemnul
 11876 | D:12     | Reached skill level 13 in Poison Magic
 12066 | D:12     | Noticed Maurice
 12144 | D:12     | Reached skill level 10 in Invocations
 12145 | D:12     | Received a gift from Yredelemnul (a vampire)
 12152 | D:12     | Killed Maurice
 12188 | D:12     | Noticed Frances
 12209 | D:12     | Killed Frances
 12234 | D:12     | Found a staircase to the Orcish Mines.
 12258 | D:12     | Your ally Frances died
 12285 | D:12     | Your ally Maurice died
 12420 | D:12     | Noticed Fannar
 12454 | D:12     | Received a gift from Yredelemnul (a phantasmal warrior)
 12673 | D:12     | Killed Fannar
 12673 | D:12     | Reached skill level 9 in Polearms
 12729 | Orc:1    | Entered Level 1 of the Orcish Mines
 12743 | Orc:1    | Found a roughly hewn altar of Beogh.
 12743 | Orc:1    | Noticed an orc high priest
 12754 | Orc:1    | Killed an orc high priest
 12754 | Orc:1    | Enslaved an orc high priest
 12966 | Orc:1    | Noticed Nergalle
 12998 | Orc:1    | Killed Nergalle
 12998 | Orc:1    | Gained mutation: You can use your snake-like lower body to
                  | constrict enemies. [Naga growth]
 12998 | Orc:1    | Reached XP level 13. HP: 53/94 MP: 11/26
 13232 | Orc:2    | Entered Level 2 of the Orcish Mines
 13239 | Orc:2    | Noticed an ogre mage
 13242 | Orc:2    | Reached skill level 10 in Spellcasting
 13252 | Orc:2    | Killed an ogre mage
 13252 | Orc:2    | Enslaved an ogre mage
 13258 | Orc:2    | Reached skill level 14 in Poison Magic
 13261 | Orc:2    | Reached skill level 11 in Invocations
 13268 | Orc:2    | Mangled by a two-headed ogre

Levels and vault maps discovered:
D:1:      evilmike_arrival_run_for_it, layout_rooms, minmay_indecisive_spiral
D:2:      layout_rooms
D:3:      layout_basic, first_ration
D:4:      layout_basic, lemuel_round_altar, lemuel_zombie_altar_yredelemnul,
          grunt_temple_overflow_open, minmay_temple_entry_slanted,
          yredelemnul_altar_generic
D:5:      layout_rooms, grunt_temple_overflow_gold_and_silver,
          gup_sewer_entry_glass, uniq_prince_ribbit1, uniq_menkaure,
          uniq_duvessa
D:6:      layout_cave_pools, grunt_temple_overflow_cloverleaf,
          chequers_temple_overflow_statue_of_worship, serial_glass,
          glass_columns_a, glass_columns_a, chequers_serial_rivers_micro_c
D:7:      layout_loops_ring, the_bakery, minmay_crystal_water
D:8:      layout_cave_pools, nicolae_ru_path_of_blood, minitemple,
          gammafunk_ghost_icy, zaba_antful_of_joy
D:9:      layout_stronghold, lair_entry_dummy, uniq_psyche, uniq_harold
D:10:     layout_basic, ebering_ghost_disaster_area, hangedman_minor_magic,
          uniq_erica, uniq_urug
D:11:     layout_basic, serial_shops, nicolae_shop_trees,
          minmay_misc_feat_plants, minmay_diamond_spiral
D:12:     layout_cave_pools, kennysheep_orc_monster_closet_entryway,
          uniq_maurice, uniq_fannar, uniq_frances
Temple:   corrupted_temple
Lair:1:   layout_gridlike
Orc:1:    layout_diamond_mine, basic_altar, kennysheep_orc_chapel, uniq_nergalle
Orc:2:    st_orc_open, layout_caves, uniq_azrael, uniq_rupert, uniq_saint_roka

Skill      XL: |  1  2  3  4  5  6  7  8  9 10 11 12 13 |
---------------+----------------------------------------+-----
Conjurations   | 2 3 4 5 6 7 |  7.0
Air Magic      | 1 2 |  2.0
Poison Magic   | 5 6 7 8 9 11 12 13 14 | 14.2
Spellcasting   | 3 4 5 6 7 8 9 10 | 10.3
Invocations    | 2 4 5 7 9 10 11 | 11.2
Polearms       | 1 3 5 7 9 |  9.6
Translocations | 2 3 |  3.0
Dodging        | |  1.5
Stealth        | |  3.0

Action                   |  1- 3 |  4- 6 |  7- 9 | 10-12 | 13-15 || total
-------------------------+-------+-------+-------+-------+-------++-------
Melee: Unarmed           |    15 |       |       |       |       ||    15
       Short sword       |     3 |    88 |       |    11 |       ||   102
       Spear             |       |       |   391 |   620 |    19 ||  1030
       Constrict         |       |       |       |       |     4 ||     4
Throw: Throwing net      |       |       |       |     1 |       ||     1
 Cast: Sting             |    12 |     1 |       |       |       ||    13
       Poisonous Vapours |    24 |    40 |    15 |     6 |       ||    85
       Olgreb's Toxic Ra |       |     4 |    30 |    80 |     7 ||   121
       Mephitic Cloud    |       |       |     3 |    10 |     1 ||    14
       Blink             |       |       |       |       |     1 ||     1
Invok: Animate Remains   |       |       |     4 |       |       ||     4
       Animate Dead      |       |       |       |    21 |       ||    21
       Enslave Soul      |       |       |       |     2 |     1 ||     3
       Drain Life        |       |       |       |     1 |     2 ||     3
 Abil: Spit Poison       |    14 |    17 |    13 |     9 |     1 ||    54
Evoke: Wand              |       |       |    11 |     5 |     2 ||    18
       Lamp of fire      |       |       |       |       |     1 ||     1
  Use: Scroll            |       |     1 |     6 |    15 |     1 ||    23
       Potion            |       |       |       |       |     1 ||     1
 Stab: Sleeping          |     1 |     4 |     6 |     9 |       ||    20
       Distracted        |     1 |     1 |       |     3 |     1 ||     6
       Confused          |       |       |     1 |    11 |     1 ||    13
       Held in net/web   |       |       |       |     1 |       ||     1
       Paralysed         |       |       |       |     3 |       ||     3
  Eat: Chunk             |     2 |     9 |    17 |    31 |     1 ||    60
Armor: Robe              |     5 |    20 |   153 |    81 |       ||   259
       Ring mail         |       |       |       |    82 |     7 ||    89
Dodge: Dodged            |    33 |    50 |   172 |   243 |    16 ||   514

Table legend:
 A = Non-vault XP
 B = Vault XP
 C = Vault XP percentage of total XP
 D = Non-vault monster count
 E = Vault monster count
 F = Vault count percentage of total count
                 A         B        C        D         E       F
            +---------+---------+-------+---------+---------+-------
      Total |   19928 |   20053 |  50.2 |     279 |     162 |  36.7
            +---------+---------+-------+---------+---------+-------
        D:1 |      55 |      10 |  15.4 |      31 |       5 |  13.9
        D:2 |      83 |       0 |   0.0 |      19 |       0 |   0.0
        D:3 |     254 |       0 |   0.0 |      31 |       0 |   0.0
        D:4 |     336 |       3 |   0.9 |      14 |       2 |  12.5
        D:5 |     539 |     718 |  57.1 |      14 |       8 |  36.4
        D:6 |     625 |       0 |   0.0 |      19 |       0 |   0.0
        D:7 |     607 |     181 |  23.0 |      14 |       1 |   6.7
        D:8 |    1174 |    2326 |  66.5 |      20 |      26 |  56.5
        D:9 |    2805 |    1049 |  27.2 |      26 |       2 |   7.1
       D:10 |    1325 |    3053 |  69.7 |      15 |      19 |  55.9
       D:11 |    5316 |     577 |   9.8 |      26 |       4 |  13.3
       D:12 |    4909 |    4489 |  47.8 |      36 |      23 |  39.0
     Lair:1 |     572 |       0 |   0.0 |       5 |       0 |   0.0
      Orc:1 |     168 |     712 |  80.9 |       4 |       6 |  60.0
      Orc:2 |    1160 |    6603 |  85.1 |       5 |      18 |  78.3
      Sewer |       0 |     332 | 100.0 |       0 |      48 | 100.0
            +---------+---------+-------+---------+---------+-------
